 Dungeon Crawl Stone Soup version 0.21.1-1-g345015fe64 (webtiles) character file.

115 Fymir27 the Skirmisher (level 4, 0/37 HPs)
             Began as a Demonspawn Abyssal Knight on Apr 21, 2018.
             Was a Believer of Lugonu.
             Killed by divine providence
             ... invoked by an orc priest
              (14 damage)
             ... on level 3 of the Dungeon.
             The game lasted 00:12:35 (2277 turns).

Fymir27 the Skirmisher (Demonspawn Abyssal Knight)  Turns: 2277, Time: 00:12:36

Health: 0/37       AC:  5    Str: 14    XL:     4   Next: 68%
Magic:  3/6        EV: 12    Int: 16    God:    Lugonu [**....]
Gold:   11         SH:  0    Dex: 12    Spells: 3/3 levels left

rFire    . . .     SeeInvis .   a - +1 spear
rCold    . . .     Gourm    .   (no shield)
rNeg     . . .     Faith    .   b - +0 leather armour
rPois    .         Spirit   .   p - +1 helmet {Int+3}
rElec    .         Reflect  .   (no cloak)
rCorr    .         Harm     .   (no gloves)
MR       .....                  (no boots)
Stlth    +.........             (no amulet)
HPRegen  0.12/turn              k - +1 ring of evasion
MPRegen  0.10/turn              (no ring)

@: glowing
A: hooves 1, rot immunity
a: Depart the Abyss, Bend Space, Renounce Religion


You were on level 3 of the Dungeon.
You worshipped Lugonu.
Lugonu was pleased with you.
You were not hungry.

You visited 1 branch of the dungeon, and saw 3 of its levels.
You visited the Abyss 1 time.

You collected 11 gold pieces.

Inventory:

Hand Weapons
 a - a +1 spear (weapon)
 o - a +2 antimagic whip
Missiles
 e - 28 stones (quivered)
 h - 19 sling bullets
 m - 54 arrows
Armour
 b - a +0 leather armour (worn)
 g - a +0 ring mail
 p - a +1 helmet of intelligence (worn)
Jewellery
 k - a +1 ring of evasion (left hand)
Scrolls
 r - a scroll of remove curse
Potions
 d - 4 potions of curing
 f - a potion of mutation {unknown}
 i - a potion of heal wounds {unknown}
 l - a potion of flight {unknown}
 n - a potion of invisibility {unknown}
 q - a potion of brilliance {unknown}
Comestibles
 c - a ration
 j - 2 chunks of flesh


   Skills:
 * Level 3.9 Fighting
 * Level 2.9 Polearms
 * Level 2.4 Armour
 * Level 1.5 Dodging
 + Level 2.8 Invocations


You had 3 spell levels left.
You didn't know any spells.

Dungeon Overview and Level Annotations

Branches:
Dungeon (3/15)

Altars:
Dithmenos
Wu Jian

Annotations:
D:3 Fymir27's ghost, amateur FeEn


Innate Abilities, Weirdness & Mutations

You have large cloven feet.
You are immune to rotting.


Message History

Fymir27's ghost hits you but does no damage.
You miss Fymir27's ghost.
Fymir27's ghost is lightly damaged.
You hit Fymir27's ghost.
Fymir27's ghost is lightly damaged.
Fymir27's ghost hits you.
You miss Fymir27's ghost. Your kick misses Fymir27's ghost.
Fymir27's ghost is lightly damaged.
Fymir27's ghost hits you but does no damage.
You miss Fymir27's ghost. Your kick misses Fymir27's ghost.
Fymir27's ghost is lightly damaged.
Fymir27's ghost hits you. Space bends around you!
You blink.
Fymir27's ghost hits you. Space bends around you!
You blink.
Space bends around you!
You blink.
An orc priest comes into view. It is wielding a short sword.
The orc priest looks encouraged for a moment.
The orc priest calls down the wrath of Beogh upon you.
Beogh smites you!
You die...

##..# ## ##..### ##.####
#..... ......# #?..#
......# #...# ......#
#...# ......# #...#
......######...#######
...............W@....#
.>...................#
...###..................
.#.#########...#####....
......# #..รท# #o.
.#.##.# #+### . .#.##.#
...##.# .####.#


You could see an orc priest and Fymir27's ghost.

Vanquished Creatures
  Robin (D:2)
  3 adders (D:2)
  An ooze (D:2)
  2 dart slugs
  2 leopard geckos (D:2)
  A ball python (D:2)
  A giant cockroach (D:1)
  14 goblins
  9 hobgoblins
  8 kobolds
  2 quokkas
  11 bats
  5 frilled lizards
  6 rats (D:1)
66 creatures vanquished.

Notes
Turn   | Place    | Note
-------+----------+-------------------------------------------
     0 | Abyss:1  | Fymir27 the Demonspawn Abyssal Knight began the quest for the Orb.
     0 | Abyss:1  | Reached XP level 1. HP: 18/18 MP: 2/2
    16 | Abyss:1  | Found a corrupted altar of Lugonu.
    55 | Abyss:1  | Noticed a quasit
    55 | D:1      | Escaped the Abyss
   294 | D:1      | Reached * piety under Lugonu
   294 | D:1      | Gained mutation: You have large cloven feet. [demonic ancestry]
   294 | D:1      | Reached XP level 2. HP: 17/24 MP: 3/3
   794 | D:1      | Reached XP level 3. HP: 29/29 MP: 5/5
  1137 | D:2      | Found a shadowy altar of Dithmenos.
  1575 | D:2      | Reached skill level 1 in Dodging
  1650 | D:2      | Gained mutation: You are immune to rotting. [demonic ancestry]
  1650 | D:2      | Reached XP level 4. HP: 37/37 MP: 6/6
  1801 | D:2      | Reached ** piety under Lugonu
  1927 | D:3      | Noticed Robin
  2136 | D:2      | Killed Robin
  2207 | D:3      | Found an ornate altar of the Wu Jian Council.
  2259 | D:3      | Noticed Fymir27's ghost (amateur FeEn)
  2277 | D:3      | Killed from afar by an orc priest

Skill      XL: |  1  2  3 |
---------------+----------+-----
Armour         | 2 |  2.4
Polearms       | 2 |  2.9
Dodging        | 1 |  1.5
Fighting       | |  3.9
Invocations    | |  2.8

Action                   |  1- 3 |  4- 6 || total
-------------------------+-------+-------++-------
Melee: Spear             |   148 |    79 ||   227
       Kick              |    17 |    13 ||    30
Throw: Stone             |     2 |       ||     2
Invok: Depart the Abyss  |     1 |       ||     1
       Bend Space        |       |     5 ||     5
  Use: Scroll            |     3 |     2 ||     5
       Potion            |     1 |     1 ||     2
  Eat: Chunk             |     2 |     3 ||     5
Armor: Leather armour    |    19 |    18 ||    37
       Skin              |     1 |       ||     1
Dodge: Dodged            |    65 |    47 ||   112
